 Dungeon Crawl Stone Soup version 0.31-a0-175-g9f7f995f2b (webtiles) character file.

Game seed: 14077837656784428249

27 pokeman the Magician (level 2, -1/24 HPs)
             Began as a Deep Elf Hedge Wizard on June 17, 2023.
             Slain by an adder (2 damage)
             ... on level 2 of the Dungeon.
             The game lasted 00:01:33 (1187 turns).

pokeman the Magician (Deep Elf Hedge Wizard)        Turns: 1187, Time: 00:01:34

Health: -1/24      AC: 21    Str:  6    XL:     2   Next: 93%
Magic:  4/10       EV:  2    Int: 17    God:
Gold:   68         SH:  0    Dex: 24    Spells: 10/11 levels left

rFire   . . .        a - +0 dagger
rCold   . . .        (no shield)
rNeg    . . .        b - melded +0 robe
rPois   +            c - melded +0 hat
rElec   .            (cloak currently unavailable)
rCorr   .            (gloves currently unavailable)
SInv    .            (boots currently unavailable)
Will    .....        (no amulet)
Stlth   +++          k - +6 ring of dexterity
HPRegen 0.24/turn    (no ring)
MPRegen 0.12/turn

%: no passive effects
@: tree-form, very slightly contaminated
A: stationary, stasis, torment immunity, boosted hp, agile 1, mutation
resistance 1
a: no special abilities


You were on level 2 of the Dungeon.
You were a tree.
You visited 1 branch of the dungeon, and saw 2 of its levels.

You collected 68 gold pieces.

Inventory:

Hand Weapons
 a - a +0 dagger (weapon)
Armour
 b - a +0 robe (melded)
 c - a +0 hat (melded)
Jewellery
 k - a +6 ring of dexterity (left branch)
Scrolls
 e - a scroll of identify {unknown}
 f - a scroll of vulnerability {unknown}
 g - a scroll of summoning {unknown}
 h - 2 scrolls of noise {unknown}
 i - a scroll of fear {unknown}
 j - a scroll of poison {unknown}
Potions
 d - a potion of magic


   Skills:
 + Level 0.6 Fighting
 + Level 0.7 Armour
 - Level 2.4 Dodging
 - Level 2.4 Stealth
 * Level 5.1 Spellcasting
 + Level 1.6 Conjurations
 - Level 1.1 Summonings
 - Level 1.1 Translocations


You had 10 spell levels left.
You knew the following spells:

 Your Spells              Type           Power      Damage    Failure   Level
a - Magic Dart            Conj           40%        1d5       7%          1

Your spell library contained the following spells:

 Spells                   Type           Power      Damage    Failure   Level
 Slow                     Hex            16%        N/A       14%         1
 Blink                    Tloc           16%        N/A       14%         2
 Call Imp                 Summ           16%        N/A       14%         2
 Cigotuvi's Dreadful Rot  Necr/Pois/Air  8%         N/A       22%         2
 Mephitic Cloud           Conj/Pois/Air  6%         N/A       34%         3
 Ozocubu's Armour         Ice            4%         N/A       38%         3
 Ozocubu's Refrigeration  Ice            2%         4d7       100%        7


Dungeon Overview and Level Annotations

Branches:
Dungeon (2/15)

Altars:


Innate Abilities, Weirdness & Mutations

You are a tree.
Your roots penetrate the ground, keeping you stationary.
You cannot be teleported.
You are immune to unholy pain and torment.
Your maximum health is greatly increased.
Your equipment is partially melded.
You are agile. (Dex +4, Str/Int -1)
You are somewhat resistant to further mutation.


Message History

Press: ? - help, Shift-Dir - straight line, f/p - adder
Aim: an adder (moderately wounded, 100% to hit)
The magic dart hits the adder.
The adder is severely wounded.
You feel sick. The adder bites you.
* * * LOW HITPOINT WARNING * * *
Casting: Magic Dart (safe; 7% risk of failure)
Confirm with . or Enter, or press ? or * to list all spells.
Aiming: Magic Dart (safe; 7% risk of failure)
Press: ? - help, Shift-Dir - straight line, f/p - adder
Aim: an adder (severely wounded, 100% to hit)
The magic dart hits the adder but does no damage.
The adder is severely wounded.
* * * LOW HITPOINT WARNING * * *
You feel sick. The adder barely misses you.
Casting: Magic Dart (safe; 7% risk of failure)
Confirm with . or Enter, or press ? or * to list all spells.
Aiming: Magic Dart (safe; 7% risk of failure)
Press: ? - help, Shift-Dir - straight line, f/p - adder
Aim: an adder (severely wounded, 100% to hit)
The magic dart hits the adder.
The adder is severely wounded.
* * * LOW HITPOINT WARNING * * *
You feel sick. The adder bites you but does no damage.
The adder closely misses you.
It was a potion of mutation.
You feel extremely strange.
You feel genetically stable.
You feel agile.
* * * LOW HITPOINT WARNING * * *
You feel sick. The adder closely misses you.
It was a potion of lignification.
You turn into a tree.
Your +0 hat melds into your body.
Your +0 robe melds into your body.
Your roots penetrate the ground.
* * * LOW HITPOINT WARNING * * *
You feel sick.
You are no longer poisoned.
The adder bites you but does no damage.
You barely miss the adder.
The adder is severely wounded.
The adder bites you but does no damage. The adder bites you.
You die...

#. ##.###..###.### ...
#....... #.##. ...#
##...#.#####.<..
....####.............##
....#...#.##...######
#.....#^##..##
##..#..##.##
##..##.....##..#
......S♣#......#
...$....###....#
........# #.#......
######### #...#####
#####


You could see an adder.

Vanquished Creatures
  2 dart slugs
  2 endoplasms
  2 goblins (D:2)
  2 hobgoblins (D:1)
  A jackal (D:2)
  A quokka (D:1)
  3 ball pythons
  2 bats (D:1)
  4 kobolds
  2 rats (D:1)
21 creatures vanquished.

Notes
Turn   | Place    | Note
-------+----------+-------------------------------------------
     0 | D:1      | pokeman the Deep Elf Hedge Wizard began the quest for the
                  | Orb.
     0 | D:1      | Reached XP level 1. HP: 10/10 MP: 7/7
   346 | D:1      | Reached XP level 2. HP: 15/15 MP: 6/9
  1000 | D:2      | Reached skill level 5 in Spellcasting
  1185 | D:2      | Gained mutation: You are somewhat resistant to further
                  | mutation. [potion of mutation]
  1185 | D:2      | Gained mutation: You are agile. (Dex +4, Str/Int -1)
                  | [potion of mutation]
  1186 | D:2      | HP: 1/24 [poisoned by an adder]
  1187 | D:2      | Slain by an adder

Illustrated notes

Levels and vault maps discovered:
D:1:      eino_arrival_water_cross, layout_basic
D:2:      layout_rooms

Skill      XL: |  1  2 |
---------------+-------+-----
Spellcasting   | 5 |  5.1
Fighting       | |  0.6
Armour         | |  0.7
Dodging        | |  2.4
Stealth        | |  2.4
Conjurations   | |  1.6
Summonings     | |  1.1
Translocations | |  1.1

Action                     || total
---------------------------++-------
  Melee: Dagger            ||    11
   Cast: Magic Dart        ||    63
    Use: Potion            ||     2
   Stab: Sleeping          ||     1
 Armour: Robe              ||     4
         Skin              ||     2
  Dodge: Dodged            ||    16

Table legend: (Time is in decaauts)
 A = Elapsed time spent in this place.
 B = Non-inter-level travel time spent in this place.
 C = Inter-level travel time spent in this place.
 D = Time resting spent in this place.
 E = Time spent auto-exploring this place.
 F = Levels seen in this place.
 G = Mean time per level.
                   A        B        C        D        E       F      G
               +--------+--------+--------+--------+--------+-----+--------+
         Total |   1186 |   1133 |     53 |      0 |   1003 |   2 |  593.0 |
       Dungeon |   1186 |   1133 |     53 |      0 |   1003 |   2 |  593.0 |
               +--------+--------+--------+--------+--------+-----+--------+

Top non-repeatable levels by time:
     D:1: 916 daAuts
     D:2: 270 daAuts
